 Dungeon Crawl Stone Soup version 0.24.0-10-g970556be89 (webtiles) character file.

Game seed: 8505877227127338801, levelgen mode: deterministic

333 Delamore the Chopper (level 6, -3/56 HPs)
             Began as a Hill Orc Monk on Nov 3, 2019.
             Slain by Blork the orc
             ... wielding a +2 vampiric battleaxe
              (11 damage)
             ... on level 4 of the Dungeon.
             The game lasted 00:08:06 (3592 turns).

Delamore the Chopper (Hill Orc Monk)                Turns: 3592, Time: 00:08:07

Health: -3/56      AC:  9    Str: 13 (16) XL:     6   Next: 53%
Magic:  6/6        EV: 10    Int:  8 (10) God:
Gold:   165        SH:  0    Dex: 12 (13) Spells: 5/5 levels left

rFire    x . .     SeeInvis .   a - +0 hand axe
rCold    + . .     Gourm    .   (no shield)
rNeg     . . .     Faith    .   e - +0 scale mail
rPois    .         Spirit   .   (no helmet)
rElec    .         Reflect  .   (no cloak)
rCorr    .         Harm     .   n - +1 pair of gloves
MR       .....                  (no boots)
Stlth    ..........             (no amulet)
HPRegen  0.18/turn              d - ring of ice
MPRegen  0.10/turn              (no ring)

@: no status effects
A: no striking features
a: no special abilities


You were on level 4 of the Dungeon.
You were not hungry.

You visited 1 branch of the dungeon, and saw 4 of its levels.

You collected 165 gold pieces.

Inventory:

Hand Weapons
 a - a +0 hand axe (weapon)
Armour
 b - a +0 robe
 e - a +0 scale mail (worn)
 n - a +1 pair of gloves (worn)
Jewellery
 d - a ring of ice (left hand)
 x - an uncursed ring of ice
Wands
 u - a wand of random effects (9)
 w - a wand of polymorph (4)
Scrolls
 f - a scroll of remove curse
 j - 2 scrolls of magic mapping {unknown}
 k - 2 scrolls of random uselessness {unknown}
 o - 2 scrolls of identify {unknown}
 p - a scroll of teleportation {unknown}
 t - a scroll of enchant weapon {unknown}
 v - 2 scrolls of enchant armour {unknown}
Potions
 l - a potion of brilliance
 m - a potion of flight {unknown}
 q - a potion of lignification {unknown}
 r - 2 potions of agility
 s - a potion of mutation {unknown}
Comestibles
 c - 3 rations
 g - a chunk of flesh


   Skills:
 + Level 5.3 Fighting
 + Level 7.0 Axes
 + Level 3.3 Armour
 - Level 2.5 Dodging
 - Level 1.5 Stealth


You had 5 spell levels left.
You didn't know any spells.
Your spell library was empty.

Dungeon Overview and Level Annotations

Branches:
Dungeon (4/15)
 Temple: D:4-7

Altars:
Nemelex Xobeh
Okawaru

Annotations:
D:4 Blork the orc


Message History

You are too injured to fight recklessly!
You are too injured to fight recklessly!
Blork the orc closely misses you.
Blork the orc gestures at you while chanting.
The magic dart hits you!
* * * LOW HITPOINT WARNING * * *
Blork the orc closely misses you.
It was a potion of degeneration.
There was something very wrong with that liquid.
You feel weakened.
You feel dopey.
You feel clumsy. Blork the orc closely misses you.
As you read the scroll labeled RUYRPH XEIWI, it crumbles to dust.
You feel as if something is helping you.
It was a scroll of remove curse.
Blork the orc misses you. Blork the orc casts a spell at you.
The puff of frost hits you. You resist.
* * * LOW HITPOINT WARNING * * *
You see here a runed hunting sling.
Blork the orc hits you with a +2 vampiric battleaxe!
You die...

### ##..# ##
##.#..## ..#
#......## #.# #
#.(.....###.# ..
#.......#.# #.
#.....o@.# #..
##....)#.#
#...#####...###.#
##..........##
#.###
............#
...#
....#######.##
#..## . #..#
#...# ...
#..##..... ....
##....#


You could see Blork the orc.

Vanquished Creatures
  An orc wizard (D:4)
  A bullfrog skeleton (D:4)
  An iguana (D:4)
  Jessica (D:2)
  Natasha (twice) (D:4)
  Terence (D:3)
  6 adders
  A shadow imp (D:2)
  An ooze (D:1)
  2 worms
  4 leopard geckos
  4 orcs (D:4)
  4 giant cockroaches
  2 goblins (D:3)
  6 hobgoblins
  10 jackals
  6 kobolds
  2 quokkas
  2 ball pythons
  5 bats
  4 frilled lizards (D:2)
  10 rats
76 creatures vanquished.

Notes
Turn   | Place    | Note
-------+----------+-------------------------------------------
     0 | D:1      | Delamore the Hill Orc Monk began the quest for the Orb.
     0 | D:1      | Reached XP level 1. HP: 19/19 MP: 1/1
   117 | D:1      | Reached XP level 2. HP: 24/27 MP: 2/2
   942 | D:2      | Reached XP level 3. HP: 30/34 MP: 3/3
  1162 | D:2      | Reached skill level 1 in Armour
  1424 | D:2      | Noticed Jessica
  1437 | D:2      | Reached skill level 5 in Axes
  1446 | D:2      | Killed Jessica
  1446 | D:2      | Reached XP level 4. HP: 22/41 MP: 4/4
  1767 | D:2      | Found a sparkling altar of Nemelex Xobeh.
  2069 | D:3      | Reached XP level 5. HP: 39/47 MP: 5/5
  2080 | D:3      | Noticed Terence
  2100 | D:3      | Killed Terence
  2119 | D:3      | Reached skill level 6 in Axes
  2629 | D:4      | Reached skill level 5 in Fighting
  2677 | D:4      | Reached XP level 6. HP: 16/56 MP: 6/6
  2846 | D:4      | Found an iron altar of Okawaru.
  3422 | D:4      | Noticed Natasha
  3434 | D:4      | Killed Natasha
  3440 | D:4      | Noticed Natasha
  3459 | D:4      | Killed Natasha
  3459 | D:4      | Reached skill level 7 in Axes
  3567 | D:4      | Noticed Blork the orc
  3592 | D:4      | Slain by Blork the orc

Levels and vault maps discovered:
D:1:      dpeg_arrival_simpleton_b, layout_loops_corners
D:2:      layout_basic, marbit_many_paths, uniq_jessica
D:3:      layout_basic, uniq_terence
D:4:      layout_layer_cave, grunt_temple_overflow_order_and_chaos_1,
          okawaru_metal_pillars_1_2, uniq_blork_the_orc, uniq_natasha

Skill      XL: |  1  2  3  4  5  6 |
---------------+-------------------+-----
Fighting       | 4 5 |  5.3
Armour         | 1 2 3 |  3.3
Axes           | 5 6 7 |  7.0
Dodging        | |  2.5
Stealth        | |  1.5

Action                   |  1- 3 |  4- 6 || total
-------------------------+-------+-------++-------
Melee: Hand axe          |    89 |   256 ||   345
Evoke: Wand              |       |     2 ||     2
  Use: Potion            |       |     5 ||     5
       Scroll            |       |     1 ||     1
  Eat: Chunk             |     2 |     7 ||     9
Armor: Robe              |     2 |       ||     2
       Scale mail        |    34 |   113 ||   147
Dodge: Dodged            |    55 |   154 ||   209
